 Dungeon Crawl Stone Soup version 0.20.0-6-gd3061e9 (webtiles) character file.

2998 Hasart the Cudgeler (level 9, -3/68 HPs)
             Began as a Mummy Warper on May 28, 2017.
             Was an Initiate of Gozag.
             Slain by a wolf (5 damage)
             ... led by Grum
             ... on level 9 of the Dungeon.
             The game lasted 00:17:53 (10596 turns).

Hasart the Cudgeler (Mummy Warper)                 Turns: 10596, Time: 00:17:54

Health: -3/68      AC:  8    Str: 15    XL:     9   Next: 54%
Magic:  17/17      EV: 18    Int: 15    God:    Gozag
Gold:   461        SH:  5    Dex: 16    Spells: 14/19 levels left

rFire    x . .     SeeInvis +   t - +3 flail (venom)
rCold    + . .     Gourm    .   s - +0 buckler
rNeg     + + +     Faith    .   v - +1 ring mail {rN+}
rPois    ∞         Spirit   .   (no helmet)
rElec    .         Reflect  .   (no cloak)
rCorr    .         Harm     .   (no gloves)
MR       +....                  b - +1 pair of boots
Stlth    ++........             (no amulet)
Regen    0.3/turn               r - ring of see invisible
MPRegen  0.2/turn               y - ring of poison resistance

@: agile, gold aura, very slightly contaminated, invisible
A: no food or potions, fire vulnerability, cold resistance 1, negative energy
resistance 3, torment resistance, unbreathing
a: Potion Petition, Call Merchant, Bribe Branch, Renounce Religion


You were on level 9 of the Dungeon.
You worshipped Gozag.
Gozag was aware of your devotion.
You were not hungry.

You visited 2 branches of the dungeon, and saw 9 of its levels.

You collected 609 gold pieces.
You paid 148 gold pieces to Gozag.

Inventory:

Hand Weapons
 t - a +3 flail of venom (weapon)
Missiles
 e - 5 tomahawks of dispersal (quivered)
 w - 3 tomahawks of returning
Armour
 b - a +1 pair of boots (worn)
 k - a +0 scale mail
 s - a +0 buckler (worn)
 v - a +1 ring mail of positive energy (worn)
Jewellery
 r - a ring of see invisible (left hand)
 y - a ring of poison resistance (right hand)
Wands
 n - a wand of confusion (26/48)
 o - a wand of iceblast (10/15)
 p - a wand of enslavement (7/24)
 q - a wand of flame (30/48)
Scrolls
 a - a scroll of teleportation
 d - 2 scrolls of blinking
 f - 8 scrolls of identify
 h - 6 scrolls of remove curse
 i - a scroll of amnesia
 j - a scroll of enchant armour
 m - 4 scrolls of fog
 u - 2 scrolls of enchant weapon
Books
 c - a book of Spatial Translocations

   Spells                             Type                      Level
   a - Blink                          Translocation                2
   b - Shroud of Golubria             Charms/Translocation         2
   c - Lesser Beckoning               Translocation                3
   d - Gell's Gravitas                Translocation                3
   e - Teleport Other                 Translocation                3
   f - Passage of Golubria            Translocation                4
 g - a book of Conjurations

   Spells                             Type                      Level
   a - Magic Dart                     Conjuration                  1
   b - Searing Ray                    Conjuration                  2
   c - Dazzling Spray                 Conjuration/Hexes            3
   d - Fulminant Prism                Conjuration/Hexes            4
   e - Force Lance                    Conjuration/Translocation    4
   f - Iskenderun's Mystic Blast      Conjuration                  4
 l - a book of Changes

   Spells                             Type                      Level
   a - Beastly Appendage              Transmutation                1
   b - Sticks to Snakes               Transmutation                2
   c - Spider Form                    Transmutation/Poison         3
   d - Ice Form                       Ice/Transmutation            4
   e - Blade Hands                    Transmutation                5
 x - a book of Frost

   Spells                             Type                      Level
   a - Freeze                         Ice                          1
   b - Throw Frost                    Conjuration/Ice              2
   c - Ozocubu's Armour               Charms/Ice                   3
   d - Throw Icicle                   Conjuration/Ice              4
   e - Summon Ice Beast               Ice/Summoning                4


   Skills:
 + Level 5.0 Fighting
 * Level 6.0 Maces & Flails
 - Level 0.7 Throwing
 + Level 3.6 Armour
 + Level 4.4 Dodging
 + Level 3.6 Shields
 + Level 5.7 Spellcasting
 + Level 4.4 Translocations


You had 14 spell levels left.
You knew the following spells:

 Your Spells              Type           Power        Failure   Level  Hunger
a - Blink                 Tloc           N/A          8%          2    N/A
b - Lesser Beckoning      Tloc           ###.......   14%         3    N/A

Dungeon Overview and Level Annotations

Branches:
Dungeon (7/15)             Temple (1/1) D:6

Altars:
Elyvilon
Fedhas
Gozag
Hepliaklqana
Kikubaaqudgha
Makhleb
Nemelex Xobeh
Okawaru
Trog
Uskayaw
Zin
The Shining One

Shops:
D:4 ?


Innate Abilities, Weirdness & Mutations

You do not eat or drink.
Your flesh is vulnerable to fire.
You are immune to poison.
Your flesh is cold resistant. (rC+)
You are immune to negative energy. (rN+++)
You are immune to unholy pain and torment.
You can survive without breathing.


Message History

You miss the wolf.
The wolf is almost dead.
You kill the wolf!
Your Fighting skill increases to level 5!
You block the wolf's attack.
You hit the wolf.
The wolf is lightly wounded.
The wolf closely misses you. The wolf bites you.
* * * LOW HITPOINT WARNING * * *
You barely miss the wolf.
The wolf is lightly wounded.
The wolf closely misses you. x2
You closely miss the wolf.
The wolf is lightly wounded.
The wolf completely misses you.
You closely miss the wolf.
The wolf is lightly wounded.
The wolf closely misses you. The wolf bites you.
You die...
Your body crumbles into a pile of gold.

+.......#
#.......###
#.......h.#
#.......#.#
#.......#.'h.h...
####'######......
#.# #+#### #h# #@#
######.####
####.........#
#............#
##.##.........#
######..##.........#
#)..##>###...(.....#
##[#.#..#
#.........#
...#.'.##
#...........


You could see a wolf.

Vanquished Creatures
  The ghost of grisnicke the Conjurer, a novice HuWn of Vehumet (D:6)
  A hungry ghost (D:7)
  Edmund (D:6)
  Grum (D:9)
  A water moccasin (D:5)
  An orc warrior (D:5)
  An ice beast (D:6)
  2 phantoms (D:4)
  2 ogres
  3 wolves (D:9)
  2 centaurs (D:6)
  A big kobold (D:4)
  A bullfrog (D:6)
  A water moccasin skeleton (D:6)
  A scorpion (D:4)
  3 howler monkeys
  3 jellies
  A bullfrog zombie (D:6)
  A hound (D:5)
  3 orc priests
  2 iguanas
  3 orc wizards
  6 worker ants
  A killer bee zombie (D:5)
  A hound zombie (D:6)
  A hound skeleton (D:6)
  4 gnolls (D:4)
  4 adders
  A howler monkey skeleton (D:6)
  2 shadow imps (D:6)
  3 oozes
  An adder skeleton (D:9)
  2 worms
  4 dart slugs
  2 leopard geckos (D:2)
  16 orcs
  5 giant cockroaches
  40 goblins
  35 hobgoblins
  A jackal (D:7)
  9 kobolds
  4 quokkas
  3 ball pythons
  A ball python skeleton (D:4)
  8 bats
  6 frilled lizards
  A leopard gecko skeleton (D:6)
  A quokka zombie (D:6)
  4 rats
202 creatures vanquished.

Notes
Turn   | Place    | Note
-------+----------+-------------------------------------------
     0 | D:1      | Hasart the Mummy Warper began the quest for the Orb.
     0 | D:1      | Reached XP level 1. HP: 16/16 MP: 4/4
   520 | D:1      | Reached skill level 2 in Maces & Flails
   520 | D:1      | Reached XP level 2. HP: 14/22 MP: 5/5
  1391 | D:2      | Reached skill level 1 in Armour
  1487 | D:2      | Reached XP level 3. HP: 27/27 MP: 7/7
  1516 | D:2      | Learned a level 2 spell: Blink
  1520 | D:2      | Learned a level 3 spell: Lesser Beckoning
  2214 | D:2      | Found a hide-covered altar of Uskayaw.
  2236 | D:2      | Reached XP level 4. HP: 20/33 MP: 8/8
  2999 | D:4      | Noticed a phantom
  3026 | D:4      | Killed a phantom
  3026 | D:4      | Reached skill level 3 in Maces & Flails
  3026 | D:4      | Reached skill level 1 in Shields
  3026 | D:4      | Reached XP level 5. HP: 16/39 MP: 9/9
  3708 | D:4      | Reached XP level 6. HP: 16/46 MP: 10/10
  4594 | D:4      | Reached XP level 7. HP: 26/52 MP: 12/12
  4933 | D:4      | Reached skill level 4 in Maces & Flails
  5196 | D:4      | Found Natunips's Magic Scroll Shop.
  5620 | D:5      | Entered Level 5 of the Dungeon
  6836 | D:5      | Reached XP level 8. HP: 46/59 MP: 14/14
  7428 | D:6      | Noticed Edmund
  7471 | D:6      | Noticed grisnicke's ghost (novice HuWn)
  8063 | D:6      | Killed grisnicke's ghost
  8063 | D:6      | Reached skill level 5 in Maces & Flails
  8391 | D:6      | HP: 1/60 [water moccasin skeleton (3)]
  9195 | D:6      | Reached XP level 9. HP: 66/66 MP: 16/16
  9198 | D:6      | Found a staircase to the Ecumenical Temple.
  9205 | Temple   | Entered the Ecumenical Temple
  9283 | Temple   | Became a worshipper of Gozag Ym Sagoz the Greedy
  9574 | D:6      | Reached skill level 5 in Spellcasting
  9675 | D:6      | Killed Edmund
 10225 | D:7      | Found a sparkling altar of Nemelex Xobeh.
 10308 | D:7      | Found a white marble altar of Elyvilon.
 10394 | D:7      | You fall through a shaft for 2 floors!
 10562 | D:9      | Noticed Grum
 10587 | D:9      | Killed Grum
 10587 | D:9      | Reached skill level 6 in Maces & Flails
 10592 | D:9      | Reached skill level 5 in Fighting
 10593 | D:9      | HP: 1/68 [wolf[Grum] (5)]
 10596 | D:9      | Slain by a wolf

Skill      XL: |  1  2  3  4  5  6  7  8  9 |
---------------+----------------------------+-----
Maces & Flails | 2 3 4 5 6 |  6.0
Armour         | 1 2 3 |  3.6
Dodging        | 2 3 4 |  4.4
Shields        | 1 2 3 |  3.6
Spellcasting   | 3 4 5 |  5.7
Translocations | 3 4 |  4.4
Fighting       | 3 4 5 |  5.0
Throwing       | |  0.7

Action                   |  1- 3 |  4- 6 |  7- 9 || total
-------------------------+-------+-------+-------++-------
Melee: Mace              |   182 |    20 |       ||   202
       Flail             |       |   232 |   363 ||   595
Invok: Potion Petition   |       |       |     1 ||     1
  Use: Scroll            |       |     4 |     6 ||    10
Armor: Leather armour    |    33 |       |       ||    33
       Scale mail        |    79 |   164 |   101 ||   344
       Ring mail         |       |       |    30 ||    30
Dodge: Dodged            |   131 |   189 |   203 ||   523
Block: Buckler           |       |       |    71 ||    71
